Map: Frozen Temple

Players

Gracz

  • Race: Zerg Zerg
  • League: Bronze

oneNeo

  • Race: Zerg Zerg

HAJPER

  • Race: Zerg Zerg

LosB

  • Race: Zerg Zerg

VOD

Have the link to the VOD?

Description

Time

  • Played on: Sept. 10, 2016, 2:05 p.m.
  • Length: 9:26
Show
View Real Time Build Order
Export as new Build Order

Gracz Zerg 

Build Orders: Pool First 

Get SALT Encoding   

  12  0:04  Drone  
  13  0:26  Drone  
  14  0:28  Extractor  
  14  0:29  Drone  
  15  0:38  Overlord  
  15  0:39  Overlord  
  15  0:57  Spawning Pool  
  14  1:21  Drone x3  
  17  1:26  Hatchery  
  16  1:47  Zergling x4  
  18  1:58  Queen  
  20  2:06  Spine Crawler  
  19  2:15  Roach Warren  
  18  2:22  Drone x3  
  21  2:40  Drone  
  21  2:41  Queen  
  24  2:49  Drone x2  
  28  2:59  Queen  
  28  3:09  Drone x2  
  30  3:15  Extractor  
  30  3:16  Drone x3  
  32  3:22  Extractor, Drone x2  
  33  3:46  Hatchery  
  32  3:54  Queen  
  34  3:56  Queen  
  36  4:25  Overlord x2  
  36  4:33  Overlord  
  36  4:34  Overlord  
  33  4:48  Roach x3  
  35  4:59  Roach x2  
  38  5:03  Roach  
  34  5:21  Roach x2  
  34  5:22  Roach  
  35  5:38  Queen  
  35  5:40  Roach x3  
  38  6:13  Queen  
  38  6:15  Roach x2  
  38  6:16  Queen  
  46  6:21  Drone  
  46  6:22  Drone x2  
  49  6:31  Drone  
  49  6:32  Drone x2  
  52  6:48  Roach x2  
  52  6:49  Roach  
  58  6:54  Drone  
  58  6:55  Drone  
  58  6:58  Drone  
  61  7:08  Roach  
  65  7:23  Roach, Overlord  
  65  7:24  Overlord  
  65  7:30  Drone  
  66  7:38  Lair  
  66  7:42  Evolution Chamber  
  65  7:53  Roach x2  
  69  7:59  Drone x2  
  69  8:19  Roach x2  
  35  8:40  Roach x5  
  34  8:50  Drone x2  
  33  8:58  Roach  
  31  9:06  Roach  
Show
View Real Time Build Order
Export as new Build Order

oneNeo Zerg 

Build Orders: Hatch First 

Get SALT Encoding   

  12  0:02  Drone  
  13  0:08  Drone  
  14  0:17  Overlord  
  14  0:35  Drone  
  15  0:36  Drone x2  
  17  0:54  Hatchery  
  16  1:01  Drone  
  17  1:06  Drone  
  18  1:21  Spawning Pool  
  18  1:22  Drone x2  
  19  1:26  Extractor  
  19  1:32  Drone  
  19  1:40  Drone  
  20  1:53  Overlord  
  20  2:05  Drone  
  21  2:09  Queen  
  21  2:11  Queen  
  24  2:17  Zergling x4  
  26  2:23  Drone x2  
  28  2:35  Roach Warren  
  27  2:37  Drone x2  
  27  2:39  Drone  
  30  2:53  Drone  
  30  2:54  Drone  
  32  3:06  Drone x2  
  32  3:08  Overlord  
  32  3:11  Metabolic Boost  
  34  3:20  Drone x2  
  34  3:22  Overlord x3  
  36  3:42  Roach x3  
  36  3:43  Roach x2  
  36  3:44  Roach  
  48  3:53  Roach x2  
  52  3:56  Overlord  
  52  4:05  Roach x2  
  52  4:07  Drone  
  52  4:08  Drone x3  
  60  4:16  Evolution Chamber  
  59  4:17  Evolution Chamber  
  59  4:22  Extractor  
  57  4:28  Drone x4  
  57  4:29  Extractor, Drone  
  57  4:30  Drone x3  
  64  4:40  Drone x2  
  64  4:58  Zerg Missile Weapons Level 1  
  64  5:08  Drone  
  64  5:09  Drone x3  
  64  5:13  Roach  
  64  5:14  Roach x3  
  64  5:44  Roach  
  64  5:45  Roach x5  
  76  5:53  Zerg Ground Armor Level 1  
  76  5:56  Overlord x2  
  74  6:00  Lair  
  70  6:07  Extractor  
  69  6:12  Ravager  
  70  6:32  Overlord  
  70  6:33  Overlord  
  70  6:36  Hatchery  
  67  6:48  Roach x10  
  67  6:49  Roach x2  
  91  6:55  Hatchery  
  90  7:09  Hydralisk Den  
  89  7:21  Drone x2  
  89  7:22  Drone  
  92  7:35  Glial Reconstitution  
  92  8:00  Hydralisk x2  
  92  8:01  Hydralisk x7  
  92  8:04  Queen  
  112  8:11  Queen  
  112  8:12  Drone  
  115  8:16  Roach  
  115  8:17  Roach x3  
  115  8:18  Overlord x2  
  115  8:19  Overlord  
  119  8:22  Extractor  
  119  8:25  Extractor  
  107  8:32  Queen  
  107  8:34  Overlord x2  
  105  8:35  Roach x5  
  105  8:36  Roach  
  105  8:40  Extractor  
  116  8:44  Extractor  
  115  8:50  Hydralisk x3  
  121  8:57  Drone  
  121  8:58  Drone  
  123  9:06  Drone  
  123  9:07  Drone x2  
Show
View Real Time Build Order
Export as new Build Order

HAJPER Zerg 

Build Orders:  

Get SALT Encoding   

Show
View Real Time Build Order
Export as new Build Order

LosB Zerg 

Build Orders:  

Get SALT Encoding   

Tags
 
Add a new tag
Caveats
  • Supply blocks, unpowered buildings, or Contaminate may cause inaccurate times.
  • Supply counts are checked every 10 seconds.